[ PARTIDA AOE2 · #506152793 ]
UnrankedVietnamitas vs Huns
Equipo del jugador · VICT
Equipo rival · DERR
[ ANÁLISIS DE REPETICIÓN · EXTRAÍDO DE LA PARTIDA GRABADA ]
Feudal
10:01
Castillos
25:53
Imperial
—
| APM promedio | 46.3 |
| APM pico | 83 |
| eAPM promedio | 20.5 |
| Aldeanos / militares | 74 / 53 |
Foco
⚔️ 29.6% · 🌾 70.4%
Skirmisher ×19 · Rattan Archer ×15 · Archer ×8 · Militia ×7 · Monk ×4
Feudal
8:51
Castillos
27:45
Imperial
—
| APM promedio | 65.6 |
| APM pico | 107 |
| eAPM promedio | 27.7 |
| Aldeanos / militares | 66 / 109 |
Foco
⚔️ 39.1% · 🌾 60.9%
Knight ×49 · Skirmisher ×26 · Archer ×18 · Spearman ×8 · Battering Ram ×6 · Mangonel ×2
Mapa de la partida
Recursos iniciales + cada clic de construcción. Líneas = muros · curvas = relieve. ◆ oro · ⬟ piedra · ● bayas · ✦ reliquia · ◌ hueco del cierre
Tu base· Abierta — flanco sin cerrar
Base de Pedro· Abierta — flanco sin cerrar
Terreno inicial suavizado · ◌ = hueco del cierre detectado · pasá el cursor para detalles
Inputs por minuto
— SubZero - - Pedro
Build order — SubZero
Primeras 150 de 216 acciones detectadas
| 0:00 | Crear | Villager (Male) |
| 0:01 | Crear | Villager (Male) |
| 0:01 | Crear | Villager (Male) |
| 0:02 | Construir | House |
| 0:03 | Construir | House |
| 0:14 | Crear | Villager (Male) |
| 1:27 | Crear | Villager (Male) |
| 1:57 | Crear | Villager (Male) |
| 1:57 | Crear | Villager (Male) |
| 2:01 | Construir | Lumber Camp |
| 2:43 | Crear | Villager (Male) |
| 2:54 | Crear | Villager (Male) |
| 2:54 | Crear | Villager (Male) |
| 3:40 | Construir | Mill |
| 3:43 | Crear | Villager (Male) |
| 4:05 | Crear | Villager (Male) |
| 4:38 | Crear | Villager (Male) |
| 4:53 | Construir | House |
| 4:55 | Investigar | Loom |
| 4:56 | Crear | Villager (Male) |
| 6:11 | Crear | Villager (Male) |
| 6:29 | Crear | Villager (Male) |
| 7:00 | Crear | Villager (Male) |
| 7:01 | Crear | Villager (Male) |
| 7:45 | Investigar | Feudal Age |
| 8:17 | Construir | Lumber Camp |
| 8:53 | Construir | Barracks |
| 9:27 | Crear | Villager (Male) |
| 10:01 | Edad | Edad Feudal |
| 10:04 | Construir | Archery Range |
| 10:08 | Construir | House |
| 10:25 | Crear | Villager (Male) |
| 10:34 | Construir | Mining Camp |
| 10:38 | Crear | Archer |
| 10:38 | Crear | Archer |
| 10:41 | Construir | House |
| 11:06 | Crear | Archer |
| 11:06 | Crear | Archer |
| 11:18 | Crear | Skirmisher |
| 11:18 | Crear | Skirmisher |
| 11:33 | Crear | Villager (Male) |
| 11:43 | Crear | Skirmisher |
| 11:52 | Crear | Villager (Male) |
| 12:02 | Crear | Skirmisher |
| 12:06 | Crear | Villager (Male) |
| 12:17 | Construir | Watch Tower |
| 12:28 | Crear | Skirmisher |
| 12:48 | Crear | Villager (Male) |
| 12:48 | Crear | Skirmisher |
| 12:49 | Crear | Skirmisher |
| 13:00 | Construir | Farm |
| 13:11 | Construir | Farm |
| 13:12 | Crear | Villager (Male) |
| 13:33 | Crear | Villager (Male) |
| 14:04 | Crear | Villager (Male) |
| 14:07 | Crear | Militia |
| 14:07 | Crear | Militia |
| 14:12 | Construir | House |
| 14:17 | Construir | Mining Camp |
| 14:31 | Construir | House |
| 14:52 | Construir | House |
| 14:53 | Construir | House |
| 14:54 | Crear | Villager (Male) |
| 15:08 | Crear | Militia |
| 15:16 | Construir | Farm |
| 15:44 | Investigar | Man-at-Arms (upgrade) |
| 15:54 | Construir | Farm |
| 15:55 | Construir | Farm |
| 15:55 | Crear | Villager (Male) |
| 16:16 | Crear | Villager (Male) |
| 16:29 | Crear | Villager (Male) |
| 16:29 | Crear | Villager (Male) |
| 16:46 | Crear | Villager (Male) |
| 16:50 | Crear | Militia |
| 16:50 | Crear | Militia |
| 16:53 | Construir | Farm |
| 16:57 | Construir | Farm |
| 17:12 | Construir | Watch Tower |
| 17:25 | Crear | Villager (Male) |
| 17:26 | Crear | Militia |
| 17:40 | Construir | Farm |
| 17:41 | Construir | Farm |
| 17:44 | Crear | Militia |
| 17:46 | Crear | Villager (Male) |
| 18:09 | Construir | Farm |
| 18:11 | Crear | Villager (Male) |
| 18:22 | Crear | Villager (Male) |
| 18:24 | Construir | House |
| 18:31 | Construir | Farm |
| 18:48 | Crear | Villager (Male) |
| 18:51 | Construir | Farm |
| 19:11 | Construir | Farm |
| 19:27 | Crear | Skirmisher |
| 19:54 | Construir | Blacksmith |
| 20:22 | Crear | Villager (Male) |
| 20:23 | Crear | Villager (Male) |
| 20:25 | Crear | Villager (Male) |
| 20:29 | Construir | Farm |
| 20:30 | Construir | Farm |
| 20:45 | Crear | Villager (Male) |
| 21:04 | Crear | Villager (Male) |
| 21:15 | Crear | Villager (Male) |
| 21:27 | Construir | House |
| 21:52 | Construir | Watch Tower |
| 22:10 | Crear | Villager (Male) |
| 22:26 | Crear | Skirmisher |
| 22:48 | Crear | Skirmisher |
| 22:48 | Crear | Skirmisher |
| 23:13 | Investigar | Castle Age |
| 23:14 | Investigar | Castle Age |
| 23:29 | Construir | Farm |
| 23:29 | Construir | Farm |
| 24:04 | Investigar | Double-Bit Axe |
| 24:07 | Investigar | Fletching |
| 24:11 | Construir | Farm |
| 24:36 | Construir | Farm |
| 24:39 | Crear | Skirmisher |
| 24:47 | Construir | Archery Range |
| 24:52 | Investigar | Padded Archer Armor |
| 25:14 | Crear | Skirmisher |
| 25:19 | Investigar | Horse Collar |
| 25:21 | Construir | Farm |
| 25:26 | Construir | Market |
| 25:38 | Crear | Skirmisher |
| 25:53 | Edad | Edad de los Castillos |
| 25:54 | Investigar | Town Watch |
| 25:54 | Investigar | Town Watch |
| 25:55 | Investigar | Town Watch |
| 25:57 | Investigar | Elite Skirmisher (upgrade) |
| 25:59 | Crear | Skirmisher |
| 26:06 | Construir | Watch Tower |
| 26:22 | Investigar | Elite Skirmisher (upgrade) |
| 26:29 | Crear | Villager (Male) |
| 26:32 | Construir | Farm |
| 26:35 | Construir | Market |
| 26:55 | Crear | Villager (Male) |
| 26:59 | Crear | Villager (Male) |
| 27:41 | Crear | Villager (Male) |
| 27:42 | Crear | Skirmisher |
| 27:43 | Crear | Skirmisher |
| 28:13 | Investigar | Bodkin Arrow |
| 28:15 | Crear | Villager (Male) |
| 28:55 | Crear | Skirmisher |
| 28:55 | Crear | Skirmisher |
| 29:04 | Crear | Archer |
| 29:04 | Crear | Archer |
| 29:15 | Construir | Castle |
| 29:16 | Crear | Villager (Male) |
| 29:28 | Crear | Villager (Male) |
| 29:36 | Construir | Watch Tower |
Build order — Pedro
Primeras 150 de 274 acciones detectadas
| 0:00 | Crear | Villager (Male) |
| 0:01 | Crear | Villager (Male) |
| 0:02 | Crear | Villager (Male) |
| 0:07 | Crear | Villager (Male) |
| 1:17 | Crear | Villager (Male) |
| 1:50 | Construir | Lumber Camp |
| 1:57 | Crear | Villager (Male) |
| 2:08 | Crear | Villager (Male) |
| 2:32 | Crear | Villager (Male) |
| 2:54 | Crear | Villager (Male) |
| 3:36 | Crear | Villager (Male) |
| 3:46 | Crear | Villager (Male) |
| 4:31 | Crear | Villager (Male) |
| 4:35 | Construir | Mill |
| 4:51 | Crear | Villager (Male) |
| 5:05 | Crear | Villager (Male) |
| 5:12 | Crear | Villager (Male) |
| 5:31 | Investigar | Loom |
| 6:40 | Investigar | Feudal Age |
| 6:40 | Investigar | Feudal Age |
| 7:33 | Crear | Villager (Male) |
| 8:00 | Construir | Barracks |
| 8:03 | Crear | Villager (Male) |
| 8:48 | Crear | Villager (Male) |
| 8:51 | Edad | Edad Feudal |
| 8:53 | Construir | Archery Range |
| 8:54 | Crear | Spearman |
| 8:54 | Crear | Spearman |
| 9:02 | Investigar | Double-Bit Axe |
| 9:02 | Investigar | Double-Bit Axe |
| 9:12 | Crear | Spearman |
| 9:20 | Crear | Skirmisher |
| 9:21 | Crear | Skirmisher |
| 9:53 | Crear | Skirmisher |
| 9:53 | Crear | Skirmisher |
| 9:54 | Crear | Skirmisher |
| 10:09 | Crear | Skirmisher |
| 10:10 | Crear | Skirmisher |
| 10:15 | Crear | Spearman |
| 10:15 | Crear | Spearman |
| 10:16 | Crear | Spearman |
| 10:33 | Crear | Skirmisher |
| 10:49 | Crear | Skirmisher |
| 10:49 | Crear | Skirmisher |
| 11:00 | Construir | Watch Tower |
| 11:22 | Crear | Villager (Male) |
| 11:59 | Construir | Palisade Wall |
| 12:00 | Construir | Palisade Wall |
| 12:02 | Construir | Palisade Wall |
| 12:10 | Crear | Skirmisher |
| 12:10 | Crear | Skirmisher |
| 12:10 | Crear | Skirmisher |
| 12:31 | Crear | Skirmisher |
| 12:36 | Construir | Palisade Wall |
| 12:49 | Crear | Skirmisher |
| 12:49 | Crear | Spearman |
| 12:49 | Crear | Villager (Male) |
| 12:52 | Construir | Farm |
| 12:52 | Construir | Farm |
| 13:04 | Crear | Skirmisher |
| 13:20 | Construir | Farm |
| 13:23 | Construir | Mining Camp |
| 13:30 | Crear | Skirmisher |
| 13:30 | Crear | Skirmisher |
| 13:34 | Crear | Villager (Male) |
| 14:07 | Crear | Spearman |
| 14:08 | Crear | Skirmisher |
| 14:29 | Crear | Villager (Male) |
| 14:30 | Crear | Villager (Male) |
| 14:31 | Construir | Farm |
| 15:04 | Crear | Skirmisher |
| 15:22 | Construir | Watch Tower |
| 15:34 | Crear | Skirmisher |
| 15:34 | Crear | Skirmisher |
| 15:35 | Crear | Villager (Male) |
| 15:37 | Construir | Farm |
| 16:17 | Crear | Archer |
| 16:17 | Crear | Archer |
| 16:23 | Crear | Villager (Male) |
| 16:26 | Construir | Farm |
| 16:26 | Construir | Farm |
| 16:29 | Crear | Skirmisher |
| 16:29 | Crear | Skirmisher |
| 16:33 | Crear | Villager (Male) |
| 16:36 | Construir | Farm |
| 16:46 | Crear | Villager (Male) |
| 16:49 | Construir | Mining Camp |
| 17:26 | Crear | Skirmisher |
| 17:28 | Construir | Farm |
| 17:43 | Crear | Villager (Male) |
| 17:44 | Crear | Villager (Male) |
| 17:47 | Construir | Farm |
| 18:04 | Crear | Archer |
| 18:04 | Crear | Archer |
| 18:04 | Crear | Villager (Male) |
| 18:19 | Construir | Archery Range |
| 18:30 | Crear | Villager (Male) |
| 18:35 | Crear | Archer |
| 18:36 | Crear | Archer |
| 18:38 | Construir | Farm |
| 19:09 | Crear | Archer |
| 19:10 | Crear | Archer |
| 19:10 | Crear | Villager (Male) |
| 19:28 | Crear | Archer |
| 19:28 | Crear | Villager (Male) |
| 19:30 | Construir | Blacksmith |
| 19:34 | Construir | Farm |
| 19:43 | Crear | Skirmisher |
| 19:44 | Crear | Villager (Male) |
| 20:09 | Crear | Villager (Male) |
| 20:11 | Construir | Farm |
| 20:29 | Crear | Archer |
| 20:30 | Crear | Archer |
| 20:30 | Crear | Villager (Male) |
| 20:34 | Construir | Farm |
| 20:50 | Investigar | Fletching |
| 20:51 | Investigar | Fletching |
| 20:51 | Investigar | Fletching |
| 20:52 | Crear | Villager (Male) |
| 20:56 | Construir | Farm |
| 21:07 | Construir | Watch Tower |
| 21:12 | Crear | Archer |
| 21:13 | Crear | Villager (Male) |
| 21:51 | Construir | Farm |
| 21:52 | Construir | Farm |
| 21:55 | Crear | Villager (Male) |
| 22:06 | Construir | Palisade Wall |
| 22:07 | Construir | Palisade Wall |
| 22:07 | Construir | Palisade Wall |
| 22:08 | Construir | Palisade Wall |
| 22:18 | Crear | Archer |
| 22:18 | Crear | Archer |
| 22:28 | Crear | Villager (Male) |
| 22:52 | Crear | Archer |
| 22:53 | Crear | Archer |
| 22:53 | Crear | Villager (Male) |
| 23:01 | Construir | Farm |
| 23:02 | Construir | Farm |
| 23:02 | Construir | Farm |
| 23:04 | Construir | Farm |
| 23:04 | Crear | Villager (Male) |
| 23:25 | Crear | Archer |
| 23:25 | Crear | Archer |
| 23:25 | Crear | Villager (Male) |
| 23:53 | Crear | Villager (Male) |
| 23:54 | Crear | Villager (Male) |
| 23:56 | Crear | Villager (Male) |
| 23:59 | Construir | Farm |
| 23:59 | Construir | Farm |
| 24:30 | Crear | Villager (Male) |
Cronología de la partida
| 8:00 | Pedro · first_building Barracks |
| 8:51 | Pedro · age_up feudal |
| 8:53 | Pedro · first_building Archery Range |
| 8:53 | SubZero · first_building Barracks |
| 10:01 | SubZero · age_up feudal |
| 10:04 | SubZero · first_building Archery Range |
| 11:59 | Pedro · wall_segment Palisade Wall x1 |
| 12:00 | Pedro · wall_segment Palisade Wall x1 |
| 12:02 | Pedro · wall_segment Palisade Wall x1 |
| 12:36 | Pedro · wall_segment Palisade Wall x1 |
| 22:06 | Pedro · wall_segment Palisade Wall x1 |
| 22:07 | Pedro · wall_segment Palisade Wall x1 |
| 22:07 | Pedro · wall_segment Palisade Wall x2 |
| 22:08 | Pedro · wall_segment Palisade Wall x1 |
| 25:16 | Pedro · first_building Stable |
| 25:53 | SubZero · age_up castle |
| 27:45 | Pedro · age_up castle |
| 28:06 | Pedro · first_building Siege Workshop |
| 29:08 | SubZero · first_market_buy 100 stone |
| 29:15 | SubZero · first_building Castle |
| 32:28 | Pedro · first_market_buy 100 wood |
| 32:31 | Pedro · first_market_sell 100 food |
| 33:58 | SubZero · first_building Monastery |
| 36:48 | SubZero · first_building Siege Workshop |
| 39:50 | Pedro · resign |
[ ANÁLISIS IA · 1 CRÉDITO ]
¿Qué pasó realmente en esta partida?
Wolo.gg analiza cada decisión: build order, eco, micro, errores típicos por bracket. Análisis personalizado por WhatsApp o Discord en 30 segundos.
Guía civ
Vietnamitas
Perfil
Jugador #2076517